 Dungeon Crawl Stone Soup version 0.30-b1-2-g02819fbbbe (webtiles) character file.

Game seed: 15864320847697741973

20576 LLlMATKO the Fighter (level 12, -1/169 HPs)
             Began as a Minotaur Berserker on May 6, 2023.
             Was the Champion of Trog.
             Slain by a skeletal warrior
             ... wielding a +0 battleaxe
              (24 damage)
             ... on level 12 of the Dungeon.
             The game lasted 00:16:45 (13360 turns).

LLlMATKO the Fighter (Minotaur Berserker)          Turns: 13360, Time: 00:16:45

Health: -1/169     AC: 15    Str: 27    XL:     12   Next: 46%
Magic:  11/11      EV: 14    Int:  4    God:    Trog [******]
Gold:   1035       SH:  6    Dex: 16    Spells: 11/11 levels left

rFire   + + .        N - +1 war axe (flame)
rCold   . . .        O - +0 buckler
rNeg    . . .        d - +0 chain mail {rF+}
rPois   .            F - +0 hat
rElec   .            q - +0 cloak
rCorr   .            P - +0 pair of gloves
SInv    .            (no boots)
Will    .....        t - amulet of the acrobat Stlth
                     r - ring of protection from fire
HPRegen 0.48/turn    z - +6 ring of dexterity
MPRegen 0.12/turn

%: acrobat
@: berserking, very quick
A: horns 2, retaliatory headbutt
a: Renounce Religion, Berserk, Trog's Hand, Brothers in Arms


You were on level 12 of the Dungeon.
You worshipped Trog.
Trog was exalted by your worship.
You visited 1 branch of the dungeon, and saw 14 of its levels.
You also visited: Bailey.

You collected 1035 gold pieces.

Inventory:

Hand Weapons
 N - a +1 war axe of flaming (weapon)
Missiles
 k - a throwing net
 n - 2 curare-tipped darts
 x - 12 boomerangs (quivered)
 D - 4 datura-tipped darts
 H - 10 poisoned darts
 J - 3 javelins
Armour
 d - a +0 chain mail of fire resistance (worn)
 q - a +0 cloak (worn)
 E - the +2 ring mail of Wu Jian, Telling {rC+}
   (You took it off an orc on level 5 of the Dungeon)

   rC:        It protects you from cold.
 F - a +0 hat (worn)
 O - a +0 buckler (worn)
 P - a +0 pair of gloves (worn)
Jewellery
 r - a ring of protection from fire (left hand)
 t - an amulet of the acrobat (around neck)
 y - a ring of positive energy
 z - a +6 ring of dexterity (right hand)
 R - a +6 ring of dexterity
Wands
 a - a wand of iceblast (18)
 v - a wand of polymorph (8)
 G - a wand of quicksilver (14)
 K - a wand of charming (11)
 Q - a wand of flame (10)
Scrolls
 b - 10 scrolls of identify
 f - 3 scrolls of blinking
 i - 5 scrolls of fog {unknown}
 j - 6 scrolls of teleportation
 l - a scroll of magic mapping
 s - a scroll of torment {unknown}
 w - 5 scrolls of fear {unknown}
 A - 3 scrolls of vulnerability {unknown}
 B - a scroll of enchant weapon {unknown}
 C - 6 scrolls of enchant armour
 M - a scroll of immolation {unknown}
Potions
 c - 3 potions of lignification {unknown}
 e - a potion of cancellation {unknown}
 g - 7 potions of curing {unknown}
 h - 2 potions of attraction {unknown}
 m - 2 potions of mutation {unknown}
 o - 5 potions of heal wounds {unknown}
 p - 6 potions of flight {unknown}
 u - 2 potions of might {unknown}
 I - a potion of degeneration {unknown}
 L - a potion of haste {unknown}
 S - a potion of resistance


   Skills:
 + Level 12.6 Fighting
 + Level 12.6 Axes
 + Level 12.4 Armour
 + Level 11.3 Dodging
 + Level 6.6 Shields


You had 11 spell levels left.
You didn't know any spells.
Your spell library was empty.

Dungeon Overview and Level Annotations

Branches:
Dungeon (14/15)            Temple (0/1) D:5            Lair (0/5) D:8
    Orc (0/2) D:12         Bailey (visited)
 Vaults: D:13-14

Altars:
Cheibriados
Dithmenos
Nemelex Xobeh
Trog
Vehumet
Xom
Yredelemnul

Shops:
D:4 (

Annotations:
D:3 2 transporters, HoaS's ghost, amateur KoHu


Innate Abilities, Weirdness & Mutations

You have a pair of horns on your head.
You reflexively headbutt those who attack you in melee.


Message History

* * * LOW HITPOINT WARNING * * *
The skeletal warrior hits you with a +0 dire flail!
* * * LOW HITPOINT WARNING * * *
You barely miss the skeletal warrior.
The skeletal warrior is almost destroyed.
You closely miss the skeletal warrior. You slash the skeletal warrior!
You burn the skeletal warrior.
You destroy the skeletal warrior!
Trog accepts your kill.
You barely miss the skeletal warrior.
The skeletal warrior closely misses you.
You furiously retaliate!
You headbutt the skeletal warrior! The skeletal warrior barely misses you.
You block the skeletal warrior's attack.
The skeletal warrior barely misses you.
You closely miss the skeletal warrior.
The skeletal warrior is almost destroyed.
You closely miss the skeletal warrior. x2
You are too injured to fight recklessly!
Unknown command.
You are too injured to fight recklessly!
Unknown command.
You are too injured to fight recklessly!
You hit the skeletal warrior but do no damage.
The skeletal warrior is almost destroyed.
You hit the skeletal warrior. You burn the skeletal warrior.
You hit the skeletal warrior but do no damage.
The skeletal warrior hits you but does no damage. x2
The skeletal warrior closely misses you.
The skeletal warrior hits you with a +0 dire flail!
* * * LOW HITPOINT WARNING * * *
You closely miss the skeletal warrior.
The skeletal warrior is almost destroyed.
You slash the skeletal warrior! You burn the skeletal warrior.
You hit the skeletal warrior. You burn the skeletal warrior.
The skeletal warrior barely misses you.
The skeletal warrior hits you but does no damage.
The skeletal warrior closely misses you.
The skeletal warrior hits you with a +0 battleaxe!!
You die...

.. ##
####.. #..
.....$ #.#
......
#.##......
#.........
#.z)z.....
###
#.@z......
#..
#.)z......
#..
#.##......
#.. #.#
###### ###
#.########
##.
#........#
##.>
########.#
##...
#.....#
#.<..
#.....#
#....


You could see 4 skeletal warriors.

Vanquished Creatures
  A rakshasa (D:14)
  2 boulder beetles
  A hydra (D:14)
  4 two-headed ogres
  A tengu warrior (D:14)
  A skeletal warrior (D:12)
  A wizard (D:14)
  Pikel (D:4)
  2 manticores
  Maurice (D:11)
  4 unseen horrors
  A kobold demonologist (D:10)
  2 trolls (D:11)
  4 slime creatures (D:12)
  10 yaks
  A vampire (D:12)
  Grum (D:8)
  A wraith (D:11)
  Eustachio (D:4)
  Menkaure (D:4)
  3 vampire mosquitoes (D:11)
  A steam dragon (D:7)
  Edmund (D:6)
  2 wargs (D:8)
  2 acid dragons
  2 water moccasins
  4 ice beasts
  14 orc warriors
  A sky beast (D:6)
  3 ogres
  3 lemures (D:4)
  3 wolves (D:8)
  14 centaurs
  2 phantoms (D:12)
  5 kobold brigands
  A bullfrog (D:9)
  5 gnoll sergeants
  A scorpion (D:7)
  10 wights
  2 troll zombies (D:12)
  3 killer bees (D:7)
  2 jellies
  3 hounds
  2 gnoll boudas
  A sleepcap (D:5)
  14 orc priests
  Crazy Yiuf (D:6)
  6 iguanas
  Ijyb (D:5)
  15 orc wizards
  6 ogre zombies (D:12)
  33 gnolls
  10 adders
  3 shadow imps
  2 white imps
  3 ufetubi
  6 worms
  4 dart slugs
  63 orcs
  6 endoplasms
  4 giant cockroaches
  13 goblins
  14 hobgoblins
  3 jackals (D:3)
  5 quokkas
  6 ball pythons
  7 bats
  6 frilled lizards
  2 goblin skeletons (D:12)
  2 goblin zombies (D:12)
  2 hobgoblin skeletons (D:12)
  3 hobgoblin zombies (D:12)
  41 kobolds
  3 orc skeletons (D:12)
  13 orc zombies (D:12)
  4 rats
432 creatures vanquished.

Vanquished Creatures (others)
  2 bushes (D:14)
  3 plants
5 creatures vanquished.

Grand Total: 437 creatures vanquished

Notes
Turn   | Place    | Note
-------+----------+-------------------------------------------
     0 | D:1      | LLlMATKO the Minotaur Berserker began the quest for the
                  | Orb.
     0 | D:1      | Reached XP level 1. HP: 19/19 MP: 0/0
    85 | D:1      | Reached XP level 2. HP: 3/27 MP: 1/1
    87 | D:1      | HP: 1/40 [hobgoblin (2)]
   443 | D:1      | Reached XP level 3. HP: 29/33 MP: 2/2
   941 | D:2      | Reached XP level 4. HP: 40/40 MP: 3/3
  1012 | D:2      | Reached ** piety under Trog
  1463 | D:3      | Noticed HoaS's ghost (amateur KoHu)
  1463 | D:3      | Noticed an ogre
  1464 | D:3      | Found a transporter.
  1465 | D:3      | Noticed an ogre
  1472 | D:3      | Found a transporter.
  1841 | D:3      | Identified the +8 spear of Spite {freeze, Fragile rElec rC-
                  | Str+9}
  1988 | D:3      | Reached XP level 5. HP: 47/47 MP: 4/4
  2222 | D:4      | Found Jaegor's Antique Weapon Boutique.
  2249 | D:4      | Noticed Eustachio
  2262 | D:4      | Killed Eustachio
  2263 | D:4      | Reached skill level 5 in Fighting
  2263 | D:4      | Reached skill level 5 in Axes
  2263 | D:4      | Reached XP level 6. HP: 56/56 MP: 5/5
  2752 | D:4      | Noticed Pikel
  2760 | D:4      | Killed Pikel
  2761 | D:4      | Reached skill level 5 in Armour
  2761 | D:4      | Reached skill level 5 in Dodging
  2761 | D:4      | Reached XP level 7. HP: 63/63 MP: 6/6
  2811 | D:4      | Noticed Menkaure
  2825 | D:4      | Reached *** piety under Trog
  2829 | D:4      | Killed Menkaure
  2978 | D:4      | Found a radiant altar of Vehumet.
  3164 | D:5      | Entered Level 5 of the Dungeon
  3294 | D:5      | Reached XP level 8. HP: 71/71 MP: 7/7
  3552 | D:5      | Identified the +1 leather armour "Qojiun" {Rampage rCorr
                  | Dex+2}
  3593 | D:5      | Noticed Ijyb
  3604 | D:5      | Killed Ijyb
  3805 | D:5      | Found a staircase to the Ecumenical Temple.
  3810 | D:5      | Identified the +2 ring mail of Wu Jian, Telling {rC+}
  3890 | D:5      | Found a sparkling altar of Nemelex Xobeh.
  3899 | D:5      | Found a shadowy altar of Dithmenos.
  4278 | D:5      | Reached **** piety under Trog
  4545 | D:6      | Reached XP level 9. HP: 77/81 MP: 8/8
  4708 | D:6      | Noticed Edmund
  4714 | D:6      | Killed Edmund
  4726 | D:6      | Found a snail-covered altar of Cheibriados.
  4777 | D:6      | Found a basalt altar of Yredelemnul.
  4851 | D:6      | Found a runed translucent door.
  4852 | D:6      | Noticed Crazy Yiuf
  4923 | D:6      | Found a bloodstained altar of Trog.
  5163 | D:6      | Killed Crazy Yiuf
  5643 | D:7      | Found a flagged portal.
  5666 | Bailey   | Entered a bailey
  6223 | Bailey   | Reached XP level 10. HP: 81/91 MP: 9/9
  6451 | Bailey   | Reached ***** piety under Trog
  7509 | D:7      | Reached skill level 10 in Axes
  7514 | D:7      | Reached skill level 10 in Fighting
  8256 | D:8      | Reached skill level 10 in Armour
  8320 | D:8      | Noticed Grum
  8326 | D:8      | Killed Grum
  8562 | D:8      | Found a staircase to the Lair.
  8573 | D:8      | Received a gift from Trog
  9246 | D:9      | Reached XP level 11. HP: 59/101 MP: 10/10
  9384 | D:9      | Noticed a two-headed ogre
  9392 | D:9      | Killed a two-headed ogre
  9393 | D:9      | Reached skill level 1 in Shields
  9848 | D:9      | Identified the +0 robe of the New World {rC++ rCorr Int-2}
  9934 | D:9      | Found a shimmering altar of Xom.
 10138 | D:10     | Entered Level 10 of the Dungeon
 10183 | D:10     | Identified the +4 falchion "Ithral" {heavy, MP+9 Str+5}
 10302 | D:10     | Reached skill level 10 in Dodging
 11065 | D:11     | Noticed Maurice
 11082 | D:11     | Killed Maurice
 11220 | D:11     | You fall into a shaft and drop 3 floors!
 11243 | D:14     | Noticed a four-headed hydra
 11251 | D:14     | Killed a one-headed hydra
 11260 | D:14     | Noticed a boulder beetle
 11293 | D:14     | Killed a boulder beetle
 11425 | D:14     | Noticed a two-headed ogre
 11436 | D:14     | Noticed a rakshasa
 11440 | D:14     | Killed a two-headed ogre
 11450 | D:14     | Killed a rakshasa
 11451 | D:14     | Reached skill level 5 in Shields
 11455 | D:14     | Noticed a tengu warrior
 11463 | D:14     | Killed a tengu warrior
 11495 | D:14     | Noticed a two-headed ogre
 11503 | D:14     | Killed a two-headed ogre
 11504 | D:14     | Reached XP level 12. HP: 76/112 MP: 11/11
 12494 | D:11     | Received a gift from Trog
 12896 | D:11     | Noticed a boulder beetle
 12916 | D:11     | Killed a boulder beetle
 13137 | D:12     | Found a staircase to the Orcish Mines.
 13155 | D:12     | Reached ****** piety under Trog
 13342 | D:12     | Noticed a two-headed ogre
 13348 | D:12     | Killed a two-headed ogre
 13360 | D:12     | Slain by a skeletal warrior

Illustrated notes

Levels and vault maps discovered:
D:1:      saegor_arrival_simple_c, layout_basic, palyth_stone_intersect,
          grunt_decor_fettered
D:2:      layout_rooms, st_stairs_7, minmay_diced_spiral
D:3:      layout_loops_corners, gammafunk_ghost_smash, nicolae_wormholes
D:4:      layout_rooms, nicolae_vehumet_radiance, serial_shops,
          nicolae_shop_statue_plus, uniq_menkaure, uniq_pikel, uniq_eustachio
D:5:      corexii_shack_village, layout_loops_ring,
          nicolae_overflow_hidden_temple, minmay_temple_entry_large_hall,
          minmay_misc_feat_diagonals, minmay_fractal_squares_diagonal_5,
          uniq_ijyb
D:6:      layout_basic, trog_three_pillars_becter,
          mainiacjoe_overflow_cross_hatched, mainiacjoe_overflow_boulevard,
          uniq_crazy_yiuf_cottage, uniq_edmund
D:7:      layout_loops_cross, enter_bailey_5, minmay_misc_feat_x,
          chequers_avenue, minmay_misc_feat_alley, serial_park_tiny_1,
          minmay_starry_boxes
D:8:      layout_basic, erik_lair_orcish_takeover, uniq_grum
D:9:      layout_loops_ring, mainiacjoe_overflow_six_doors_small,
          nicolae_nh_ransacked_shop
D:10:     layout_roguey, chequers_serial_rivers_micro_c
D:11:     layout_gridville, kennysheep_generic_room_10, uniq_maurice
D:12:     layout_basic, zombieorc2_lemuel, wad_woods_river_04
D:13:     layout_roguey, serial_shops, shop, minmay_fractal_squares_5
D:14:     layout_cave_pools, david_vaults_1, serial_park, serial_park_avenue1,
          serial_park_gazebo [serial_park_minivault_5x5_8], serial_park_tiny_1,
          serial_park_tiny_1, small_statue_intersection, drop_trap,
          okawaru_trees_2

Skill      XL: |  1  2  3  4  5  6  7  8  9 10 11 12 |
---------------+-------------------------------------+-----
Axes           | 4 5 6 8 9 10 12 | 12.6
Fighting       | 4 5 6 7 9 10 12 | 12.6
Armour         | 3 4 5 6 7 9 10 11 12 | 12.4
Dodging        | 3 4 5 6 8 9 10 11 | 11.3
Shields        | 5 6 |  6.6

Action                     |  1- 3 |  4- 6 |  7- 9 | 10-12 || total
---------------------------+-------+-------+-------+-------++-------
  Melee: Hand axe          |    79 |   134 |    59 |       ||   272
         Headbutt          |     5 |    28 |    44 |    80 ||   157
         Punch             |       |     1 |     3 |       ||     4
         War axe           |       |       |   111 |   273 ||   384
         Battleaxe         |       |       |    89 |    66 ||   155
         Spear             |       |       |       |    94 ||    94
         Executioner's axe |       |       |       |    37 ||    37
  Throw: Boomerang         |       |    33 |    35 |    34 ||   102
         Dart              |       |       |       |     4 ||     4
         Throwing net      |       |       |       |     2 ||     2
 Invoke: Berserk           |     3 |     3 |     8 |     7 ||    21
    Use: Scroll            |       |       |     5 |     1 ||     6
 Armour: Scale mail        |    27 |    50 |    67 |       ||   144
         Animal skin       |     1 |       |       |       ||     1
         Ring mail         |       |       |    42 |   101 ||   143
         Chain mail        |       |       |       |    56 ||    56
  Dodge: Dodged            |    43 |    62 |   263 |   439 ||   807
  Block: Buckler           |       |       |       |    60 ||    60
